 Seeded DCSS version 0.30-a0-989-g0d87f670db (webtiles) character file.

Game seed: 12174115960195584590 (custom seed)

2734 DeathPants the Slasher (level 9, -2/48 HPs)
             Began as a Vine Stalker Delver on Apr 3, 2023.
             Was an Initiate of Gozag.
             Slain by a two-headed ogre
             ... wielding a +0 giant club
              (7 damage)
             ... on level 7 of the Dungeon.
             The game lasted 00:21:38 (5396 turns).

DeathPants the Slasher (Vine Stalker Delver)        Turns: 5396, Time: 00:21:38

Health: -2/48      AC: 16    Str: 14    XL:     9   Next: 67%
Magic:  0/17       EV: 13    Int: 20    God:    Gozag
Gold:   613        SH:  0    Dex: 20    Spells: 14/17 levels left

rFire   x . .      SeeInvis .    b - +2 dagger (protect)
rCold   . . .      Faith    .    (no shield)
rNeg    . . .      Spirit   +    k - +0 leather armour
rPois   .          Reflect  .    f - +1 helmet
rElec   +          Rampage  .    j - scarf "Jojumos" {+Inv, rElec rF- Dex+3 Slay+5}
rCorr   .                        (no gloves)
Will    +....                    (no boots)
Stlth   ++++                     B - amulet of regeneration
HPRegen 1.88/turn                x - +6 ring of intelligence
MPRegen 0.15/turn                u - +4 ring of protection

@: mighty, under a protective aura
A: fangs 3, regeneration 1, magic shield, antimagic bite, no potion heal 2
a: Renounce Religion, Evoke Invisibility, Potion Petition, Call Merchant, Bribe
Branch


You were on level 7 of the Dungeon.
You worshipped Gozag.
Gozag was pleased with you.
You visited 2 branches of the dungeon, and saw 8 of its levels.

You collected 711 gold pieces.
You paid 98 gold pieces to Gozag.

Inventory:

Hand Weapons
 a - a +0 falchion
 b - a +2 dagger of protection (weapon)
Missiles
 q - 12 poisoned darts
 w - 4 boomerangs (quivered)
 C - 4 silver javelins
Armour
 f - a +1 helmet (worn)
 j - the scarf "Jojumos" (worn) {+Inv, rElec rF- Dex+3 Slay+5}
   (You found it on level 5 of the Dungeon)

   Dex:       It affects your dexterity (+3).
   Slay:      It affects your accuracy & damage with ranged weapons and melee
   (+5).
   rF:        It makes you vulnerable to fire.
   rElec:     It insulates you from electricity.
 k - a +0 leather armour (worn)
 n - the +2 shield of Resistance {rF++ rC++ Will++}
   (You found it on level 5 of the Dungeon)

   rF:        It greatly protects you from fire.
   rC:        It greatly protects you from cold.
   Will:      It greatly increases your willpower.
Jewellery
 h - a ring of protection from fire
 p - a ring of resist corrosion
 t - a ring of flight
 u - a +4 ring of protection (right hand)
 x - a +6 ring of intelligence (left hand)
 A - a ring of protection from cold
 B - an amulet of regeneration (around neck)
Wands
 g - a wand of digging (9)
Scrolls
 c - 2 scrolls of fog
 d - a scroll of enchant armour
 e - 4 scrolls of fear
 m - 4 scrolls of teleportation
 y - 4 scrolls of magic mapping
 D - a scroll of enchant weapon
Potions
 i - 2 potions of might
 l - a potion of lignification
 o - 4 potions of curing
 r - 2 potions of berserk rage
 s - a potion of mutation
 v - 2 potions of magic
 z - 2 potions of attraction
 E - a potion of cancellation {unknown}
 F - a potion of resistance {unknown}


   Skills:
 + Level 5.9 Fighting
 * Level 7.7 Long Blades
 - Level 2.8 Dodging
 - Level 7.2 Stealth
 + Level 4.7 Spellcasting
 + Level 4.6 Hexes


You had 14 spell levels left.
You knew the following spells:

 Your Spells              Type           Power      Damage    Failure   Level
a - Tukima's Dance        Hex            23%        N/A       7%          3

Your spell library contained the following spells:

 Spells                   Type           Power      Damage    Failure   Level
 Sandblast                Erth           8%         2d5       16%         1
 Sting                    Tmut/Pois      16%        1d3       16%         1
 Summon Small Mammal      Summ           16%        N/A       16%         1
 Inner Flame              Hex/Fire       14%        N/A       17%         3
 Portal Projectile        Hex/Tloc       28%        N/A       17%         3
 Summon Guardian Golem    Hex/Summ       14%        N/A       17%         3
 Passwall                 Tmut/Erth      3%         N/A       22%         2
 Poisonous Vapours        Pois/Air       8%         N/A       22%         2
 Cause Fear               Hex            11%        N/A       22%         4
 Call Canine Familiar     Summ           4%         N/A       41%         3
 Stone Arrow              Conj/Erth      8%         3d7       41%         3
 Olgreb's Toxic Radiance  Pois           4%         N/A       83%         4
 Blade Hands              Tmut           2%         N/A       99%         5
 Discord                  Hex            11%        N/A       100%        8


Dungeon Overview and Level Annotations

Branches:
Dungeon (7/15)             Temple (1/1) D:5

Altars:
Cheibriados
Dithmenos
Gozag
Okawaru
Qazlal
Ru
Uskayaw
Vehumet
Wu Jian

Shops:
D:1 ([?


Innate Abilities, Weirdness & Mutations

You have razor-sharp teeth.
Your natural rate of healing is unusually fast.
When hurt, damage is shared between your health and your magic reserves.
Your bite disrupts and absorbs the magic of your enemies.
Potions cannot restore your health.


Message History

You closely miss the bullfrog.
The bullfrog is severely wounded.
The bullfrog completely misses you.
You barely miss the bullfrog. You bite the bullfrog!
You kill the bullfrog!
You now have 590 gold pieces (gained 7).
Magic restored.
Found 4 stones.
Found an escape hatch in the floor.
You open the door.
There is an open door here.
G - a scroll labelled LIVUENK SUUVAOMP Blink to where?
Press: ? - help, Dir - move target
As you read the scroll labelled LIVUENK SUUVAOMP, it crumbles to dust.
It was a scroll of blinking.
You now have 613 gold pieces (gained 23).
A two-headed ogre comes into view. It is wielding two +0 giant clubs.
Found a scroll of teleportation.
Found a stone staircase leading down.
The two-headed ogre shouts in stereo!
The two-headed ogre hits you with a +0 giant club!!
The two-headed ogre hits you with a +0 giant club!
Okay, then.
You feel very mighty all of a sudden.
You puncture the two-headed ogre!
Your weapon exudes an aura of protection.
You bite the two-headed ogre! You drain its power.
You feel invigorated.
The two-headed ogre is heavily wounded.
The two-headed ogre hits you with a +0 giant club!
The two-headed ogre barely misses you.
You barely miss the two-headed ogre.
The two-headed ogre is heavily wounded.
You puncture the two-headed ogre!
The two-headed ogre is severely wounded.
The two-headed ogre hits you with a +0 giant club!!
* * * LOW HITPOINT WARNING * * *
The two-headed ogre hits you with a +0 giant club!
You die...
Your body crumbles into a pile of gold.

#...........
#..........>.
#............
#............
#..........#
#..........#
#?.........#
#O@........#
#..........#
####+#.....#
#.....########
#.....#.......
#.....+.......
#.....#.......
#.....#......>
#.....#.......


You could see a two-headed ogre.

Vanquished Creatures
  Pikel (D:4)
  A wyvern (D:6)
  Edmund (D:4)
  2 water moccasins (D:5)
  A hornet zombie (D:6)
  A sky beast (D:6)
  An ogre (D:6)
  A phantom (D:6)
  2 bullfrogs
  2 wyvern zombies (D:6)
  2 scorpions
  2 water moccasin zombies (D:6)
  2 howler monkeys (D:7)
  A jelly (D:5)
  A centaur zombie (D:6)
  2 hounds
  3 bullfrog zombies (D:6)
  A centaur skeleton (D:6)
  3 orc priests
  5 iguanas
  3 sleepcaps
  4 orc wizards
  Natasha (D:4)
  2 killer bee zombies (D:6)
  Robin (D:1)
  A howler monkey skeleton (D:6)
  8 adders
  2 white imps (D:6)
  2 ufetubi
  3 worms
  2 dart slugs
  12 orcs
  9 ball pythons
  9 bats
  2 endoplasms
  3 giant cockroaches
  11 goblins
  8 hobgoblins
  8 quokkas
  2 kobolds (D:4)
  5 rats
133 creatures vanquished.

Vanquished Creatures (others)
  A plant (D:5)
  A withered plant (D:6)
2 creatures vanquished.

Grand Total: 135 creatures vanquished

Notes
Turn   | Place    | Note
-------+----------+-------------------------------------------
     0 | D:5      | DeathPants the Vine Stalker Delver began the quest for the
                  | Orb.
     0 | D:5      | Reached XP level 1. HP: 11/11 MP: 2/2
     3 | D:5      | Found a staircase to the Ecumenical Temple.
    23 | D:5      | Noticed a hound
   112 | D:5      | Identified the scarf "Jojumos" {+Inv, rElec rF- Dex+3
                  | Slay+5}
   205 | D:4      | Noticed Edmund
   234 | D:2      | Noticed Robin
   309 | D:2      | Reached XP level 2. HP: 16/16 MP: 3/3
   343 | D:2      | Found a faded altar of an unknown god.
   442 | D:2      | Reached XP level 3. HP: 19/19 MP: 4/4
   500 | D:1      | Found Limouz's Magic Scroll Shoppe.
   598 | D:1      | Found Ruxac's Antique Armour Emporium.
  1018 | D:1      | Found Cuken's Weapon Emporium.
  1233 | D:1      | Killed Robin
  1334 | D:2      | Gained mutation: Your natural rate of healing is unusually
                  | fast. [Vine Stalker growth]
  1334 | D:2      | Reached XP level 4. HP: 19/24 MP: 5/5
  2260 | D:3      | Reached XP level 5. HP: 28/28 MP: 6/6
  2699 | D:4      | Reached XP level 6. HP: 32/32 MP: 7/7
  2781 | D:4      | Killed Edmund
  2962 | D:4      | Learned a level 3 spell: Tukima's Dance
  3005 | D:4      | Noticed Natasha
  3010 | D:4      | Killed Natasha
  3198 | D:4      | Noticed Pikel
  3227 | D:4      | Killed Pikel
  3228 | D:4      | Reached skill level 5 in Long Blades
  3228 | D:4      | Reached XP level 7. HP: 19/38 MP: 6/11
  3228 | D:4      | Gained mutation: You have razor-sharp teeth. [Vine Stalker
                  | growth]
  3228 | D:4      | Reached XP level 8. HP: 21/42 MP: 6/12
  3742 | Temple   | Entered the Ecumenical Temple
  3767 | Temple   | Became a worshipper of Gozag Ym Sagoz the Greedy
  3843 | D:6      | Noticed a wyvern
  3975 | D:5      | Found the +2 shield of Resistance {rF++ rC++ Will++}
  4120 | D:5      | Reached skill level 5 in Fighting
  4485 | D:6      | Killed a wyvern
  4486 | D:6      | Reached XP level 9. HP: 40/47 MP: 10/15
  5388 | D:7      | Noticed a two-headed ogre
  5396 | D:7      | Slain by a two-headed ogre

Illustrated notes

Levels and vault maps discovered:
D:1:      minmay_arrival_radiant_lines, layout_loops_ring, serial_shops,
          nicolae_shop_bloodbath_and_beyond, shop_fountains, shop,
          serial_forest, infiniplex_forest_clump_large,
          infiniplex_forest_straight_2, infiniplex_forest_lined_2,
          infiniplex_forest_straight_1
D:2:      layout_loops_cross, chequers_ecumenical_altar_island, uniq_robin
D:3:      layout_loops_ring
D:4:      layout_loops_ring, hangedman_glass_garden, st_stairs_13, uniq_natasha,
          uniq_pikel, uniq_edmund
D:5:      layout_basic, minmay_temple_entry_gardened_gates, gup_sewer_entry_pipe
D:6:      layout_basic, serial_undead, serial_undead_c, serial_undead_b,
          serial_undead_d, serial_undead_a, serial_undead_b, serial_undead_e,
          serial_undead_b, serial_undead_d
D:7:      layout_gridville, gammafunk_ghost_necromancy, uniq_menkaure
Temple:   regret_index_temple_mists

Skill      XL: |  1  2  3  4  5  6  7  8  9 |
---------------+----------------------------+-----
Long Blades    | 2 3 5 6 7 |  7.7
Fighting       | 3 4 5 |  5.9
Dodging        | 2 |  2.8
Stealth        | 7 |  7.2
Spellcasting   | 2 3 4 |  4.7
Hexes          | 2 3 4 |  4.6

Action                     |  1- 3 |  4- 6 |  7- 9 || total
---------------------------+-------+-------+-------++-------
  Melee: Dagger            |    50 |   106 |   183 ||   339
         Bite              |    11 |    26 |    65 ||   102
         Falchion          |     2 |       |       ||     2
         Punch             |       |     1 |     1 ||     2
    Use: Scroll            |     1 |     8 |     8 ||    17
         Potion            |     1 |     1 |     1 ||     3
   Stab: Sleeping          |     6 |    17 |    10 ||    33
         Distracted        |       |     1 |     1 ||     2
 Armour: Leather armour    |    21 |    38 |    69 ||   128
  Dodge: Dodged            |    35 |    28 |    87 ||   150

Table legend: (Time is in decaauts)
 A = Elapsed time spent in this place.
 B = Non-inter-level travel time spent in this place.
 C = Inter-level travel time spent in this place.
 D = Time resting spent in this place.
 E = Time spent auto-exploring this place.
 F = Levels seen in this place.
 G = Mean time per level.
                   A        B        C        D        E       F      G
               +--------+--------+--------+--------+--------+-----+--------+
         Total |   5354 |   5226 |    128 |    245 |   3211 |   8 |  669.2 |
       Dungeon |   5301 |   5191 |    110 |    245 |   3196 |   7 |  757.3 |
        Temple |     52 |     34 |     18 |      0 |     15 |   1 |   52.0 |
               +--------+--------+--------+--------+--------+-----+--------+

Top non-repeatable levels by time:
     D:5: 1004 daAuts
     D:3: 889 daAuts
     D:4: 859 daAuts
     D:6: 821 daAuts
     D:1: 819 daAuts
     D:2: 674 daAuts
     D:7: 234 daAuts
  Temple: 52 daAuts
